Map: [ESL] Hard Lead

Players

Ryung

  • Race: Terran Terran
  • Spawn Location: 11:00

Bunny - Winner!

  • Race: Terran Terran
  • Spawn Location: 5:00

Event: ESL SC2 Masters 2023 Winter (Finals)

VOD

Have the link to the VOD?

Description

Time

  • Played on: Dec. 15, 2023, 3:12 p.m.
  • Length: 9:23

All games in this series

Show
View Real Time Build Order
Export as new Build Order

Ryung Terran 

Build Orders: Cyclone Opening, Reaper Expand 

Get SALT Encoding   

  12  0:00  SCV  
  13  0:12  SCV  
  14  0:17  Supply Depot  
  14  0:24  SCV  
  15  0:39  SCV  
  15  0:42  Barracks  
  16  0:45  Refinery  
  16  0:51  SCV  
  17  1:03  SCV  
  18  1:15  SCV  
  19  1:28  Reaper  
  19  1:29  Orbital Command  
  20  1:43  Command Center  
  20  1:53  Supply Depot  
  20  1:54  SCV  
  20  2:00  Marine  
  22  2:06  SCV  
  23  2:09  Factory  
  23  2:14  Refinery  
  23  2:18  Marine, SCV  
  25  2:29  Bunker  
  25  2:30  SCV  
  26  2:37  Barracks Reactor  
  26  2:42  SCV  
  27  2:52  Cyclone  
  27  2:55  Orbital Command, SCV  
  30  3:02  Starport  
  30  3:07  SCV  
  31  3:19  SCV  
  32  3:20  Refinery  
  32  3:21  SCV  
  32  3:23  Barracks Tech Lab  
  33  3:30  Cyclone x2  
  33  3:31  SCV  
  33  3:33  SCV  
  39  3:39  Supply Depot  
  39  3:45  SCV x2  
  43  3:48  Raven  
  43  3:57  Supply Depot, SCV x2  
  43  4:02  Cyclone x2  
  49  4:09  SCV  
  51  4:10  SCV  
  46  4:26  Raven  
  46  4:29  SCV x2  
  45  4:32  Command Center  
  45  4:34  Cyclone  
  45  4:37  Cyclone  
  49  4:42  SCV  
  49  4:43  SCV  
  49  4:45  Interference Matrix  
  51  4:50  Barracks Tech Lab  
  51  4:52  Supply Depot  
  51  4:55  SCV x2  
  53  5:07  SCV x2  
  52  5:10  Cyclone x2  
  55  5:19  Raven, SCV x2  
  55  5:21  Marine  
  59  5:26  Supply Depot  
  60  5:31  SCV x2  
  60  5:32  Barracks x2  
  62  5:40  Marine  
  62  5:42  Cyclone x2  
  67  5:43  SCV x2  
  67  5:45  Stimpack  
  67  5:47  Orbital Command  
  69  5:55  SCV x2  
  71  5:58  Starport Reactor, Marine, Refinery  
  72  6:04  Engineering Bay  
  72  6:05  Supply Depot, Engineering Bay  
  72  6:08  SCV x2  
  74  6:12  Orbital Command  
  74  6:20  SCV  
  74  6:21  SCV  
  74  6:22  Barracks  
  66  6:27  Barracks, Marine  
  66  6:28  Siege Tank  
  71  6:35  Marine x2  
  71  6:36  Barracks Reactor  
  71  6:37  Medivac  
  71  6:39  SCV x2  
  76  6:40  Terran Infantry Weapons Level 1  
  76  6:41  Supply Depot  
  76  6:46  Terran Infantry Armor Level 1  
  76  6:47  SCV  
  76  6:50  Supply Depot  
  76  6:51  SCV  
  76  6:52  Marine  
  76  6:53  Marine x2  
  81  6:57  Medivac  
  81  6:58  SCV  
  81  6:59  SCV  
  85  7:03  SCV  
  86  7:09  Siege Tank  
  86  7:10  SCV, Marine  
  86  7:11  Marine x2, Refinery  
  86  7:12  Refinery  
  93  7:17  Barracks Reactor  
  93  7:18  Barracks Reactor  
  93  7:22  Marine x2, SCV x3  
  96  7:24  Missile Turret  
  96  7:28  Combat Shield  
  98  7:33  Marine x3  
  98  7:34  SCV x2  
  98  7:35  Supply Depot  
  103  7:38  SCV  
  103  7:41  Siege Tank  
  103  7:42  Marine  
  103  7:43  Marine  
  109  7:46  SCV  
  109  7:50  Marine  
  111  7:51  Marine x2  
  111  7:57  Viking  
  111  7:58  Viking  
  112  8:00  Marine x2  
  112  8:01  Marine x2  
  112  8:02  Marine x2  
  118  8:07  SCV x3  
  118  8:08  Marine  
  118  8:09  Armory, Marine  
  123  8:22  Supply Depot  
  123  8:24  Supply Depot  
  123  8:29  Marine x2  
  123  8:32  Marine x2  
  123  8:33  Siege Tank, Marine  
  124  8:37  Marine  
  124  8:39  Marine x3  
  105  8:41  SCV x2  
  105  8:46  Marine  
  105  8:47  Marine  
  115  8:52  Marine x3  
  115  8:55  Factory, Marine  
  119  8:57  Marine x3  
  119  9:04  Marine x2  
Show
View Real Time Build Order
Export as new Build Order

Bunny Terran - Winner!

Build Orders: Cyclone Opening 

Get SALT Encoding   

  12  0:00  SCV  
  13  0:12  SCV  
  14  0:17  Supply Depot  
  14  0:24  SCV  
  15  0:38  SCV  
  15  0:40  Barracks  
  15  0:42  Refinery  
  16  0:50  SCV  
  16  0:52  Refinery  
  17  1:02  SCV  
  18  1:15  SCV  
  19  1:27  Orbital Command, Reaper  
  19  1:29  Supply Depot  
  20  1:41  Factory  
  20  1:52  SCV  
  21  1:59  Barracks Reactor  
  21  2:05  SCV  
  22  2:17  SCV  
  23  2:22  Command Center  
  23  2:29  SCV  
  24  2:38  Cyclone x2  
  24  2:42  Supply Depot  
  24  2:43  SCV  
  29  2:53  Starport  
  29  2:55  SCV  
  30  3:10  Cyclone x2  
  30  3:11  SCV  
  35  3:23  SCV  
  36  3:30  Starport Tech Lab  
  36  3:34  Orbital Command, Refinery  
  36  3:36  SCV  
  37  3:45  Cyclone  
  37  3:48  SCV  
  40  3:57  Raven  
  40  3:59  SCV  
  40  4:00  SCV  
  44  4:06  Command Center  
  44  4:10  Interference Matrix, Barracks Tech Lab  
  43  4:18  SCV x2  
  43  4:26  Cyclone x2  
  43  4:30  SCV x2  
  47  4:31  Supply Depot  
  47  4:40  Raven  
  47  4:42  SCV x2  
  47  4:43  Marine  
  52  4:54  SCV  
  52  4:55  SCV  
  52  4:58  Cyclone x2  
  58  5:07  SCV x2  
  60  5:10  Stimpack, Marine  
  60  5:11  Barracks  
  61  5:14  Barracks  
  61  5:18  Orbital Command  
  61  5:19  SCV x2  
  63  5:22  Refinery  
  63  5:27  Raven, Marine  
  66  5:30  Engineering Bay x2  
  66  5:33  SCV x2  
  68  5:42  Factory Reactor  
  68  5:45  Barracks, SCV  
  68  5:46  Orbital Command  
  68  5:48  Barracks, SCV  
  70  5:50  Marine  
  71  5:57  SCV  
  71  5:59  Terran Infantry Weapons Level 1  
  71  6:00  Terran Infantry Armor Level 1, SCV  
  73  6:09  SCV  
  74  6:12  SCV  
  74  6:13  SCV  
  74  6:14  Marine  
  74  6:15  Starport Reactor  
  74  6:17  Supply Depot  
  77  6:19  Supply Depot  
  77  6:22  Marine  
  77  6:23  SCV  
  77  6:24  SCV, Marine  
  75  6:27  Marine x2  
  75  6:30  SCV  
  75  6:32  Marine  
  77  6:36  Barracks Reactor, Supply Depot  
  77  6:37  Barracks Reactor  
  77  6:38  Siege Tank, SCV x2, Supply Depot  
  82  6:41  Marine  
  82  6:42  Marine  
  82  6:45  Marine, SCV  
  86  6:50  SCV, Supply Depot  
  86  6:51  SCV  
  86  6:52  Marine  
  86  6:53  Marine  
  90  6:54  Medivac  
  90  6:56  Combat Shield  
  90  6:57  SCV  
  90  6:58  Medivac  
  90  6:59  Marine  
  90  7:00  Marine  
  97  7:03  Marine, SCV x2  
  97  7:07  Refinery  
  97  7:08  Refinery  
  100  7:09  SCV  
  100  7:10  Marine  
  100  7:11  Siege Tank, Marine  
  100  7:14  Marine x4  
  110  7:28  Marine x3  
  110  7:29  Marine x2  
  115  7:31  Medivac  
  115  7:35  Supply Depot  
  115  7:36  Armory  
  117  7:39  Supply Depot  
  117  7:43  SCV x3, Marine x2  
  117  7:44  Supply Depot  
  122  7:45  Medivac  
  124  7:57  Siege Tank, Marine x4  
  124  7:58  Marine x2  
  133  8:01  Marine x2  
  133  8:03  SCV  
  133  8:04  SCV x2  
  138  8:15  Medivac  
  138  8:17  Command Center  
  138  8:19  Medivac  
  142  8:33  Marine  
  142  8:34  Marine x8  
  137  8:38  Siege Tank  
  120  8:44  SCV x2  
  120  8:45  SCV  
  123  8:51  Marine x2  
  123  8:52  Marine x7  
Tags
 
Add a new tag
Caveats
  • Supply blocks, unpowered buildings, or Contaminate may cause inaccurate times.
  • Supply counts are checked every 10 seconds.